[Event "Early-Titled-Tuesday-Blitz-May-07-2024"]
[Site "Chess.com"]
[Date "2024.05.07"]
[Round "9"]
[White "biveklama"]
[Black "mapleaff"]
[Result "1-0"]
[WhiteElo "2540"]
[BlackElo "2282"]
[TimeControl "180+1"]
[EndTime "9:53:13 PDT"]
[Termination "biveklama won by resignation"]

1. e4 c5 2. Nf3 Nc6 3. Bb5 e6 4.
O-O Nge7 5. Re1 a6 6. Bf1 d5 7.
exd5 Nxd5 8. d4 Nf6 9. c3 cxd4 10. cxd4 Be7 11. Nc3 O-O 12. h3 b5 13. Be3 Bb7 14.
Rc1 Nb4 15. a3 Nbd5 16. Bd3 Rc8 17. Nxd5 Bxd5 18. Ne5 Rxc1 19. Qxc1 Qa8 20. f3 Rc8 21. Qd2 Qb7 22. Rc1 Nd7 23. Rxc8+ Qxc8 24. Nxd7 Qxd7 25. Qc3 g6 26. Bf4 Kg7 27. Be4 Bf6 28. Bxd5 Qxd5 29. Be5 h5 30. Kh2 h4 31. Qe3 Bxe5+ 32. dxe5 Qc4 33. Qg5 Kg8 34. Qd8+ Kg7 35. Qf6+ Kg8 36. f4 Qb3 37. Qxh4 Qxb2 38. Qg3 a5 39. h4 Qe2 40. Qc3 Qg4 41. g3 Qe2+ 42. Kg1 Qd1+ 43. Kf2 Qd5 44. Qxa5 Qc4 45. Qb4 Qc2+ 46. Ke3 Qc1+ 47. Ke2 Qc2+ 48.
Qd2 Qc4+ 49. Qd3 Qa2+ 50. Kf3 Qb2 51. Kg4 Qb1 52. Qxb1 1-0

[Event "Early-Titled-Tuesday-Blitz-May-07-2024"]
[Site "Chess.com"]
[Date "2024.05.07"]
[Round "9"]
[White "kritipatel"]
[Black "NigiriSushies"]
[Result "0-1"]
[WhiteElo "2197"]
[BlackElo "2414"]
[TimeControl "180+1"]
[EndTime "9:53:17 PDT"]
[Termination "NigiriSushies won by checkmate"]

1. d4 d5 2. Bf4 Nf6 3. e3 c5 4. c3 e6 5. Nd2 Bd6 6. Bg3 O-O 7.
Ngf3 Qc7 8. Bd3 Nbd7 9. O-O e5 10. dxe5 Nxe5 11. Nxe5 Bxe5 12. Bxe5 Qxe5 13. Nf3 Qe7 14. Re1 Bg4 15. Be2 Rfd8 16. h3 Bh5 17. Nh2 Bxe2 18. Qxe2 h6 19. Ng4 Ne4 20. Rad1 a5 21. f3 Nf6 22. Nxf6+ Qxf6 23. Qb5 b6 24. a4 d4 25. exd4 cxd4 26. cxd4 Rxd4 27. Rxd4 Qxd4+ 28. Kh1 g6 29. Re4 Qd1+ 30. Kh2 Qd6+ 31. Kh1 Rc8 32. Re8+ Rxe8 33.
Qxe8+ Kg7 34. Qe2 Qd4 35. b3 h5 36. Kh2 h4 37. Qb5 Kh6 38. Qe8 Qd6+ 39. Kg1 Qd1+ 40. Kh2 Qd6+ 41. Kg1 Kg7 42. Qe4 Qd1+ 43. Kh2 Qxb3 44.
Qxh4 Qb4 45. Qd8 Qf4+ 46. Kg1 Qxa4 47. Qxb6 Qb4 48. Qc7 a4 49. Qe5+ Kg8 50. Qe8+ Kg7 51. Qe5+ Kh7 52. Qf6 Qc4 53. h4 a3 54. h5 Qc5+ 55.
Kh2 Qxh5+ 56. Kg1 Qc5+ 57. Kh2 Qc7+ 58. Kg1 Qc4 59. g4 a2 60. Qh4+ Kg7 61. Qe1 Qd4+ 62. Kg2 a1=Q 63. Qxa1 Qxa1 64. Kg3 Qe5+ 65. Kh4 Qh2+ 66.
Kg5 Qh6# 0-1

[Event "Early-Titled-Tuesday-Blitz-May-07-2024"]
[Site "Chess.com"]
[Date "2024.05.07"]
[Round "9"]
[White "DrVelja"]
[Black "Yaacovn"]
[Result "1-0"]
[WhiteElo "2971"]
[BlackElo "2847"]
[TimeControl "180+1"]
[EndTime "9:53:19 PDT"]
[Termination "DrVelja won by resignation"]

1. e4 c6 2. d4 d5 3. e5 Bf5 4. h4 Qb6 5. g4 Bd7 6. h5 c5 7. dxc5 Qb4+ 8. Nc3 d4 9. a3 Qxc5 10.
Ne4 Qxe5 11. Bd3 Nc6 12. Qe2 Nf6 13. Nf3 Qe6 14. Nfg5 Qe5 15. f4 Qa5+ 16. Bd2 Qc7 17. O-O-O Nd5 18. Bc4 Nxf4 19. Bxf7+ Kd8 20. Qf3 e5 21.
Bb3 Kc8 22. Nf7 Rg8 23. Kb1 Be7 24. Nxe5 Nxe5 25. Qxf4 Rf8 26. Qg3 Nf3 27. Qg2 Bc6 28. Qe2 Qe5 29. Rhe1 Nxe1 30. Rxe1 Bh4 31. Rh1 Bxe4 32.
Qc4+ Qc7 33. Rxh4 Qxc4 34. Bxc4 Kd7 35. Rh2 Rac8 36. Bb3 Rf1+ 37. Bc1 d3 38. Rd2 Ke7 39. c3 Rcf8 40. Bc4 Re1 41. Bxd3 Rff1 42. Bxe4 Rxe4 43. Rc2 Ree1 44. b3 Ke6 45. Kb2 Rd1 46. g5 Kf5 47. h6 g6 48. c4 Kg4 49. c5 Rde1 50. b4 a6 51. a4 Kf3 52. b5 axb5 53. axb5 Re2 54. c6 bxc6 55. bxc6 Rxc2+ 56. Kxc2 Ke4 57. Ba3 Rf8 58. Bxf8 Kd5 59. c7 1-0

[Event "Early-Titled-Tuesday-Blitz-May-07-2024"]
[Site "Chess.com"]
[Date "2024.05.07"]
[Round "9"]
[White "martinmena"]
[Black "NM_Antelacus"]
[Result "1-0"]
[WhiteElo "2128"]
[BlackElo "2251"]
[TimeControl "180+1"]
[EndTime "9:53:19 PDT"]
[Termination "martinmena won by resignation"]

1. c4 e5 2. g3 Nf6 3. Nc3 Bb4 4. Bg2 O-O 5. e4 d6 6. Nge2 Nc6 7. O-O Be6 8. d3 Nd4 9. Nxd4 exd4 10. Nd5 Nxd5 11. exd5 Bf5 12. a3 Bc5 13. b4 Bb6 14. f4 a5 15. g4 Bd7 16. Bd2 Qh4 17. f5 Rfe8 18.
Qf3 c6 19. g5 cxd5 20. Be1 Qxg5 21. cxd5 Qf6 22. Qf4 Bb5 23. Bh4 Qe5 24. Qxe5 dxe5 25. Be4 f6 26. Rfc1 Rac8 27. Be1 Kf7 28. bxa5 Ba7 29.
Bb4 g6 30. Kf2 Bd7 31. fxg6+ hxg6 32. d6 f5 33. Bd5+ Kf6 34. Bxb7 Rxc1 35. Rxc1 Bb5 36.
Bc5 Bxc5 37. Rxc5 Bxd3 38. d7 Rd8 39. Bc8 f4 40. a6 Bxa6 41. Rc6+ Kf5 42. Rxa6 e4 43.
Ra5+ Kg4 44. Re5 e3+ 45. Ke1 d3 46. Re8 Rxd7 47. Bxd7+ Kf3 48. Bc6+ Kg4 49. Be4 d2+ 50.
Ke2 g5 51. Bf3+ Kf5 52. Rh8 Ke5 53. Rh5 Kf6 54. Rh6+ Kg7 55. Rb6 Kf7 56. Kd1 Ke7 57. h3 Kd7 58. a4 Kc7 59. a5 Kc8 60. Rb7 e2+ 61. Kxe2 g4 62. hxg4 Kd8 63. Kxd2 1-0

[Event "Early-Titled-Tuesday-Blitz-May-07-2024"]
[Site "Chess.com"]
[Date "2024.05.07"]
[Round "9"]
[White "pauliukevicius"]
[Black "HajiyevKanan"]
[Result "0-1"]
[WhiteElo "2446"]
[BlackElo "2583"]
[TimeControl "180+1"]
[EndTime "9:53:20 PDT"]
[Termination "HajiyevKanan won by resignation"]

1. e4 c6 2. d4 d5 3. Nc3 a6 4. Nh3 Bxh3 5. gxh3 e6 6. exd5 cxd5 7. Bg2 Nc6 8. a3 Bd6 9. Ne2 Nge7 10. b4 O-O 11. O-O Rc8 12. Qd3 Ng6 13. Bb2 Qc7 14. f4 Nxf4 15.
Nxf4 Bxf4 16. Kh1 Bxh2 17. c4 dxc4 18. Qxc4 Bd6 19. d5 Nd8 20. Qg4 Be5 21. Rac1 Bxb2 22.
Rxc7 Rxc7 23. d6 Rd7 24. Qg3 Bd4 25. Qh4 Bf6 26. Qg3 Bd4 27. Qg5 h6 28. Qa5 Rxd6 29. Qc7 Be5 30. Qc5 f6 31. Re1 Bg3 32. Rc1 Nc6 33. Qe3 Be5 34. Bxc6 bxc6 35. Qb6 Rfd8 36. Rxc6 Rd1+ 37. Kg2 R8d2+ 38. Kf3 Rf1+ 39. Ke3 Bd4+ 40. Kxd2 Bxb6 41. Rxb6 a5 42. bxa5 Rf3 43. Rxe6 Rxa3 44. a6 Rxh3 45. Rb6 Ra3 46. Ke2 Kh7 47. Kf2 Kg6 48. Kg2 h5 49. Rb7 Kh6 50. a7 g5 51.
Rb6 Rxa7 52. Rxf6+ Kg7 53. Rb6 h4 54. Kf3 Ra4 55.
Rc6 Rf4+ 56. Kg2 Rf6 57. Rc8 Kg6 58. Kh3 Rf3+ 59. Kg2 Re3 60. Kf2 Rd3 61. Rc6+ Kf5 62. Rc4 Rd2+ 63. Ke3 Ra2 64. Kf3 Ra3+ 65. Kg2 g4 66.
Rc5+ Kg6 67. Rc6+ Kf5 68. Rc5+ Kf6 69. Rc6+ Ke5 70. Rc5+ Kd6 71. Rc4 Rg3+ 72. Kh2 Kd5 73. Ra4 Ke5 74. Ra5+ Kf6 75. Ra6+ Ke7 76. Ra7+ Kd6 77.
Ra6+ Kc5 78. Ra5+ Kb4 79. Rg5 Kc3 80. Re5 Kd4 81. Re8 Re3 82. Ra8 Re2+ 83. Kg1 h3 84. Ra4+ Ke3 85. Rxg4 Kf3 86. Rg8 Rg2+ 87. Rxg2 hxg2 88.
Kh2 Kf2 89. Kh3 g1=Q 0-1

[Event "Early-Titled-Tuesday-Blitz-May-07-2024"]
[Site "Chess.com"]
[Date "2024.05.07"]
[Round "9"]
[White "ab-lsv"]
[Black "Bilan_Danila"]
[Result "0-1"]
[WhiteElo "2376"]
[BlackElo "2542"]
[TimeControl "180+1"]
[EndTime "9:53:20 PDT"]
[Termination "Bilan_Danila won on time"]

1. d4 d5 2. c4 c6 3. Nc3 Nf6 4. e3 e6 5. Nf3 Nbd7 6. Be2 Bd6 7.
O-O O-O 8. b3 dxc4 9. bxc4 e5 10.
Qc2 a6 11. Rd1 Qc7 12. h3 exd4 13. exd4 c5 14. d5 Ne5 15. Bb2 Ng6 16. a4 Nf4 17. Bf1 g6 18. Nb5 axb5 19. Bxf6 Bf5 20. Qb2 bxa4 21.
Bh8 Nh5 22. g4 f6 23. gxf5 Kxh8 24. fxg6 hxg6 25. Qc2 Nf4 26. Rxa4 Rxa4 27. Qxa4 Kg7 28. Rb1 Rf7 29. Qa7 Qd7 30. Qb6 Nxh3+ 31. Bxh3 Qxh3 32. Qxd6 Qxf3 33. Qxc5 Qg4+ 34. Kf1 Qh3+ 35. Kg1 Qg4+ 36.
Kf1 g5 37. Re1 Qh3+ 38. Kg1 Kg6 39. Re7 Qg4+ 40. Kf1 Qd1+ 41. Kg2 Qg4+ 42. Kf1 Rxe7 43. Qxe7 Qxc4+ 44. Kg1 Qxd5 45. Qe8+ Kf5 46. Qc8+ Ke4 47. Qc2+ Ke5 48. Qb2+ Ke6 49. Qe2+ Kf7 50. Qb5 Qxb5 0-1

[Event "Early-Titled-Tuesday-Blitz-May-07-2024"]
[Site "Chess.com"]
[Date "2024.05.07"]
[Round "9"]
[White "BashirovKemal"]
[Black "Sjakkerntobi"]
[Result "1/2-1/2"]
[WhiteElo "2675"]
[BlackElo "2553"]
[TimeControl "180+1"]
[EndTime "9:53:22 PDT"]
[Termination "Game drawn by stalemate"]

1. e4 e6 2. d4 d5 3. Nc3 Bb4 4. e5 Ne7 5. a3 Bxc3+ 6. bxc3 c5 7. a4 Qc7 8. Nf3 h6 9. Bd3 b6 10. O-O Ba6 11. Bb5+ Bxb5 12. axb5 a5 13. dxc5 Qxc5 14. Be3 Qc7 15. Bd4 Nd7 16. Qe2 O-O 17. Ne1 Rfc8 18.
Nd3 Nf5 19. Rfc1 Qc4 20. Qg4 Nc5 21. Nb2 Qxb5 22. Rcb1 a4 23. Bxc5 bxc5 24. Nxa4 Qc6 25. Nb2 Qc7 26. Qe2 Ne7 27. c4 Nc6 28. cxd5 exd5 29. f4 Nd4 30. Qd3 Rxa1 31. Rxa1 Qb6 32. Na4 Qa7 33. Qd1 Ra8 34. Ra2 c4 35. Nc3 Ne2+ 36.
Kf1 Nxc3 37. Rxa7 Nxd1 38. Rxa8+ Kh7 39. Rd8 Kg6 40. Ke2 Nc3+ 41. Kd2 Ne4+ 42. Ke3 Nc3 43. g4 h5 44. gxh5+ Kxh5 45. f5 Kg5 46. e6 fxe6 47. fxe6 Kf6 48. Kd4 Nb5+ 49. Kxd5 Nc7+ 50. Kxc4 Nxe6 51. Rd6 Ke5 52. Rxe6+ Kxe6 53. Kd4 Kd6 54. c4 g5 55. c5+ Kc6 56. Ke5 g4 57. Kd4 Kc7 58.
Kd5 Kd7 59. Ke5 Kc6 60. Kf4 Kxc5 61. Kxg4 Kd6 62. Kg5 Ke7 63. Kg6 Kf8 64. h4 Kg8 65. h5 Kh8 66. h6 Kg8 67. h7+ Kh8 68. Kh6 1/2-1/2

[Event "Early-Titled-Tuesday-Blitz-May-07-2024"]
[Site "Chess.com"]
[Date "2024.05.07"]
[Round "9"]
[White "h4parah5"]
[Black "BogdanDeac"]
[Result "0-1"]
[WhiteElo "3022"]
[BlackElo "3119"]
[TimeControl "180+1"]
[EndTime "9:53:23 PDT"]
[Termination "BogdanDeac won by checkmate"]

1. Nf3 d5 2. e3 Nf6 3. c4 dxc4 4. Bxc4 e6 5. O-O c5 6. b3 Be7 7. Bb2 a6 8. a4 O-O 9. Ne5 b6 10. f4 Qc7 11. d3 Nc6 12. Nd2 Rb8 13. Nxc6 Qxc6 14. Be5 Rb7 15. Bxa6 Ra7 16. Bc4 Nd5 17. Qe2 Ba6 18. e4 Nb4 19. Bc3 Bxc4 20. dxc4 f6 21.
Rad1 Rd7 22. Nf3 Rfd8 23. Rxd7 Qxd7 24. Ne1 Qd1 25. Qxd1 Rxd1 26. Nf3 Rd3 27. Bxb4 cxb4 28. Rb1 Bc5+ 29. Kf1 h6 30. h4 g6 31. Rb2 Kf7 32. e5 f5 33. Ke2 Re3+ 34. Kd2 Ke7 35. Rb1 Rc3 36. Ke2 Be3 37. g3 Bc5 38. Ne1 Re3+ 39.
Kd2 Rxg3 40. Nd3 Be3+ 41. Ke2 g5 42. hxg5 hxg5 43. fxg5 Bd4 44. Nxb4 Bc5 45. Nd3 Bd4 46. b4 Rxg5 47. b5 Rg3 48. c5 Kd7 49. c6+ Kc7 50.
Rh1 Re3+ 51. Kd2 Re4 52. Rh7+ Kc8 53. Rd7 Be3+ 54. Kc3 Rxa4 55. Rd6 Ra5 56. Rxe6 Rxb5 57.
Kc4 Rb1 58. Nb4 Rc1+ 59. Kb5 Rc5+ 60. Ka6 Ra5# 0-1

[Event "Early-Titled-Tuesday-Blitz-May-07-2024"]
[Site "Chess.com"]
[Date "2024.05.07"]
[Round "9"]
[White "Mops_2004"]
[Black "Anton_Demchenko"]
[Result "0-1"]
[WhiteElo "2806"]
[BlackElo "2919"]
[TimeControl "180+1"]
[EndTime "9:53:23 PDT"]
[Termination "Anton_Demchenko won by resignation"]

1. e4 e5 2. Nf3 Nc6 3. Bb5 a6 4. Ba4 Nf6 5. O-O d6 6. c3 Bd7 7. d4 Qe7 8. Re1 g6 9. Bg5 Bg7 10. Nbd2 h6 11. Bh4 O-O 12. Nf1 Qe8 13. Ne3 Nxd4 14.
Bxd7 Nxf3+ 15. Qxf3 Nxd7 16. Nd5 Qb8 17. Rad1 b5 18. Qg4 Nb6 19. Ne7+ Kh7 20. f4 exf4 21. Qxf4 Nd7 22. Nd5 f6 23. Rf1 Rf7 24. Bf2 c6 25. Nb4 Ne5 26. h3 Qb7 27. Rxd6 a5 28. Nd3 Nc4 29. Nc5 Qc7 30. Bg3 Nxd6 31. Qxd6 Qxd6 32. Bxd6 Re8 33. e5 f5 34. e6 Ra7 35. g4 fxg4 36.
hxg4 g5 37. Rf7 Rxf7 38. exf7 Re2 39. Kf1 Rxb2 40. Ne6 Kg6 41. f8=Q Bxf8 42. Nxf8+ Kf7 43. Bc5 Rxa2 44. Nd7 a4 45. Ne5+ Ke6 46. Nxc6 Rh2 47. Nb4 a3 48. Kg1 a2 49. Nxa2 Rxa2 50. Bf8 Rc2 51. Bg7 Kd5 52. Kf1 Ke4 53. Ke1 Kf4 54.
Kd1 Rg2 55. Bxh6 Kxg4 56. Kc1 Kf5 0-1

[Event "Early-Titled-Tuesday-Blitz-May-07-2024"]
[Site "Chess.com"]
[Date "2024.05.07"]
[Round "9"]
[White "Iskusnyh"]
[Black "Slovineanu"]
[Result "0-1"]
[WhiteElo "2580"]
[BlackElo "2471"]
[TimeControl "180+1"]
[EndTime "9:53:23 PDT"]
[Termination "Slovineanu won on time"]

1. d4 Nf6 2. c4 e5 3. dxe5 Ng4 4.
e3 Nxe5 5. Nh3 Bb4+ 6. Bd2 Bxd2+ 7. Qxd2 d6 8. Nf4 Ng6 9. Nd5 Nc6 10. Nbc3 Nce7 11.
h4 Nxd5 12. Nxd5 Ne7 13. Nc3 Be6 14. h5 h6 15. O-O-O a5 16. e4 a4 17. f4 a3 18.
b3 f6 19. Be2 Nc6 20. Qe3 Qe7 21. Nb5 Nb4 22. Qd2 Nc6 23. g4 O-O 24. Rhg1 Kh8 25. Bd3 Nd8 26. Bc2 Nf7 27. Qd3 Rfd8 28. e5 Kg8 29. exd6 Nxd6 30. Qh7+ Kf8 31. Qh8+ Bg8 32. Bh7 Qe3+ 33. Kc2 Kf7 34. Bg6+ Kf8 35. Bh7 Kf7 36.
Bxg8+ Rxg8 37. Qh7 Qf2+ 38. Rd2 Qxg1 39. Qg6+ Kf8 40. Nxc7 Rd8 41. Ne6+ Ke7 42. Re2 Kd7 43. Nxd8 Rxd8 44. Qxg7+ Kc8 45. Qxf6 Qxg4 46. Rd2 Qf5+ 47. Qxf5+ Nxf5 48. Rg2 Rd4 49. Kc3 Rxf4 50. Kb4 Rh4 51. Rg8+ Kc7 52. Rf8 Rxh5 53. Rf7+ Kb6 54. Kxa3 Rg5 55.
b4 h5 56. c5+ Kb5 0-1

[Event "Early-Titled-Tuesday-Blitz-May-07-2024"]
[Site "Chess.com"]
[Date "2024.05.07"]
[Round "9"]
[White "ChelsieMonica"]
[Black "sokidze"]
[Result "0-1"]
[WhiteElo "2526"]
[BlackElo "2793"]
[TimeControl "180+1"]
[EndTime "9:53:25 PDT"]
[Termination "sokidze won by resignation"]

1. e4 c5 2. Nf3 e6 3. d4 cxd4 4. Nxd4 Nc6 5. Nc3 Qc7 6. Be3 a6 7. Be2 Nf6 8. O-O Be7 9. a4 O-O 10. Nxc6 bxc6 11. a5 c5 12. f4 d6 13. g4 Bb7 14.
Bf3 g6 15. g5 Nd7 16. Qe2 Rfe8 17. h4 Bf8 18. h5 Bg7 19. hxg6 hxg6 20. Nd1 d5 21. e5 d4 22. Bd2 Bxf3 23. Rxf3 Reb8 24.
b3 Qc6 25. Nf2 Kf8 26. Ne4 Ke7 27. Kg2 Rh8 28. Rh1 Rxh1 29. Kxh1 Rh8+ 30. Kg1 Qb5 31. Qxb5 axb5 32. Nd6 Rb8 33. Rh3 Kf8 34. Kg2 b4 35.
Rh1 Ra8 36. Nc4 Nb8 37. Kf3 Nc6 38. Ke4 Ke7 39. Rh7 Kf8 40. Rh1 Ra6 41. Ra1 Kg8 42. Ra4 Bf8 43. Kd3 Be7 44. Be1 Bd8 45. Bg3 Kf8 46. Nb6 Bxb6 47. axb6 Rxa4 48. bxa4 Na5 49. Be1 Ke7 50. Bxb4 cxb4 51. Kxd4 Kd7 52. Kc5 Nc6 53. a5 Nxa5 54. Kxb4 Nc6+ 55. Kc5 Na5 56. c4 Nb7+ 57. Kb5 Nd8 58. c5 Nc6 59. Ka6 Kc8 60. b7+ Kc7 61.
Kb5 Kxb7 62. Kc4 Ka6 63. Kc3 Kb5 64. Kd3 Kxc5 65. Ke4 Kc4 66. Ke3 Kd5 67. Kf3 Kd4 68.
Kg4 Ke4 69. f5 exf5+ 0-1

[Event "Early-Titled-Tuesday-Blitz-May-07-2024"]
[Site "Chess.com"]
[Date "2024.05.07"]
[Round "9"]
[White "super_emi_26"]
[Black "Rodalquilar"]
[Result "0-1"]
[WhiteElo "2863"]
[BlackElo "2751"]
[TimeControl "180+1"]
[EndTime "9:53:26 PDT"]
[Termination "Rodalquilar won by resignation"]

1. c4 e6 2. Nc3 d5 3. d4 a6 4. c5 e5 5. dxe5 d4 6. Ne4 Nc6 7. Nf3 Qd5 8. Ned2 Bxc5 9. g3 d3 10. e4 Qe6 11. Bg2 Nxe5 12. O-O Nxf3+ 13. Nxf3 Bd7 14.
Qxd3 Bb5 15. Qc3 Bxf1 16. Bxf1 Bb6 17. Qxg7 Qf6 18. Qxf6 Nxf6 19. Bf4 Nxe4 20. Kg2 O-O-O 21. Rc1 Nxf2 22. Ne5 Rd1 23. Rc2 Ne4 24. Bd3 f5 25.
Re2 Re8 26. Bc2 Rg1+ 27. Kh3 Ra1 28. a3 Bd4 29. Nc4 Ng5+ 30. Bxg5 Rxe2 31. Bxf5+ Kb8 32. Bxh7 Bg1 33. Bf5 Rxh2+ 34. Kg4 Rf2 35. Bf4 Bh2 36. Ne5 Raf1 37. Nd3 Rd2 38. Be4 Rxd3 39. Bxd3 Rf2 40. b3 Rb2 41. Bc4 b5 42. Bf7 Rf2 43. Bd5 Rf1 44. Kh3 Bg1 45. Kg2 Ra1 46. Be5 Re1 47. Bf6 Bc5 48. b4 Bd6 49. g4 Be5 50. Bh4 Rd1 51. Be4 Ra1 52. g5 Rxa3 53. g6 Rb3 54.
Bd5 Rxb4 55. Be7 Rg4+ 56. Kf3 Rxg6 57. Ke4 Bd6 58. Bh4 Rg4+ 59. Kf5 Rxh4 60. Ke6 Rh5 61. Kd7 Re5 62. Kc6 Rxd5 0-1

[Event "Early-Titled-Tuesday-Blitz-May-07-2024"]
[Site "Chess.com"]
[Date "2024.05.07"]
[Round "9"]
[White "Statham_01"]
[Black "Fh2411"]
[Result "0-1"]
[WhiteElo "2660"]
[BlackElo "2549"]
[TimeControl "180+1"]
[EndTime "9:53:28 PDT"]
[Termination "Fh2411 won by resignation"]

1. e4 c6 2. d4 d5 3. f3 e6 4. Nc3 Nf6 5. e5 Nfd7 6. f4 g6 7. Nf3 a6 8. h4 h5 9. Bd3 Be7 10. Be3 c5 11. Ng5 cxd4 12. Nxe6 fxe6 13. Bxg6+ Kf8 14. Bxd4 Nc6 15. Ne2 Kg7 16. Qd3 Nxd4 17. Nxd4 Bxh4+ 18. g3 Nc5 19. Qe3 Kxg6 20. gxh4 Ne4 21.
O-O-O Kh7 22. Rhg1 Bd7 23. Nf3 Rg8 24. Rxg8 Qxg8 25. Rg1 Qf7 26. Ng5+ Nxg5 27. fxg5 Rg8 28. Kb1 Be8 29. a3 Qg7 30. Rf1 Bg6 31. Rf6 Re8 32. Qh3 Qg8 33. Kc1 Re7 34. c3 Qc8 35. Qf3 Rg7 36.
Qh3 Bf5 37. Qf3 Qc4 38. Rh6+ Kg8 39. Qxh5 Qf1+ 40. Kd2 Qf4+ 41. Ke1 Qe3+ 42. Kd1 Qd3+ 43. Ke1 Qe4+ 44. Qe2 Qxe2+ 45. Kxe2 Rh7 46. Rxh7 Kxh7 47.
Ke3 Kg6 48. Kd4 b6 49. c4 dxc4 50. Kxc4 Kh5 51. a4 Be4 52. a5 bxa5 53. Kd4 Bf5 54. Kc5 Kxh4 55. Kb6 Kxg5 56. Kxa6 a4 57. Ka5 Bc2 58.
Kb4 Bb3 59. Kc3 Kf5 60. Kd4 Kf4 0-1

[Event "Early-Titled-Tuesday-Blitz-May-07-2024"]
[Site "Chess.com"]
[Date "2024.05.07"]
[Round "9"]
[White "AcostaPablo"]
[Black "bancsoo"]
[Result "1-0"]
[WhiteElo "2647"]
[BlackElo "2856"]
[TimeControl "180+1"]
[EndTime "9:53:29 PDT"]
[Termination "AcostaPablo won by resignation"]

1. d4 Nf6 2. c4 e6 3. Nf3 d5 4. Nc3 c6 5. Bg5 Nbd7 6. e3 Qa5 7. Nd2 dxc4 8. Bxf6 Nxf6 9. Nxc4 Qc7 10. Be2 Be7 11. O-O O-O 12. Rc1 Rd8 13. Qb3 Bd7 14. Ne5 Be8 15. f4 Rac8 16. f5 Qb6 17. Qxb6 axb6 18.
fxe6 fxe6 19. Bc4 Nd5 20. e4 Nc7 21. Ne2 b5 22. Bb3 Bg5 23. Rc3 Rd6 24. Rcf3 Bh5 25. g4 Bg6 26. Nf7 Bxf7 27. Rxf7 Be3+ 28. Kg2 h6 29.
Re7 Bg5 30. Ref7 Bf6 31. Rxc7 Rxc7 32. e5 Bxe5 33. dxe5 Rd2 34. Rf2 Re7 35. Nf4 Rxf2+ 36. Kxf2 Kf7 37. Ke3 g5 38. Nd3 b6 39. a4 bxa4 40.
Bxa4 c5 41. Bb3 Rc7 42. Bc4 Ke7 43. b3 Rd7 44. Nf2 Rd4 45. h3 Rf4 46. Ne4 Rf8 47. Nd6 Ra8 48. Nb5 Kd7 49. Bxe6+ Kxe6 50. Nc7+ Kxe5 51.
Nxa8 b5 52. Nc7 b4 53. Na6 Kd5 54. Kd3 Ke5 55. Nxc5 Kf4 56. Ne4 Kf3 57. Kc4 Kg2 58.
Kd4 Kxh3 59. Nf6 Kg3 60. Kc4 Kf4 61. Kxb4 Ke5 62. Nh5 Ke4 63. Kc5 Kf3 64. Nf6 1-0

[Event "Early-Titled-Tuesday-Blitz-May-07-2024"]
[Site "Chess.com"]
[Date "2024.05.07"]
[Round "9"]
[White "ValiantCeleb"]
[Black "CarlosjPineror"]
[Result "1-0"]
[WhiteElo "2315"]
[BlackElo "2676"]
[TimeControl "180+1"]
[EndTime "9:53:29 PDT"]
[Termination "ValiantCeleb won by resignation"]

1. d4 Nf6 2. Bf4 g6 3. Nc3 Bg7 4. e4 d6 5. Qd2 h5 6. O-O-O c6 7. f3 O-O 8. h3 Qa5 9. g4 b5 10. Kb1 b4 11. Nce2 Be6 12. Nc1 Nbd7 13. g5 Ne8 14. d5 cxd5 15. exd5 Bf5 16. Nb3 Qb6 17. Ne2 Nc5 18. Be3 Nc7 19. Ned4 Bd7 20. Nxc5 dxc5 21. Nb3 Na6 22. Bxa6 Qxa6 23. Nxc5 Qd6 24. Bd4 Bf5 25.
Bxg7 Kxg7 26. Ne4 Qd7 27. h4 a5 28. d6 Bxe4 29. dxe7 Qxe7 30. Qd4+ Kg8 31. Qxe4 Qxe4 32. fxe4 Rfe8 33. Rd4 Re5 34. a3 bxa3 35. bxa3 Rae8 36. Re1 Rc5 37. c4 Rec8 38. Rc1 Kg7 39. Kb2 Rb8+ 40. Kc3 a4 41. Rd3 Rb3+ 42. Kd4 Rxd3+ 43. Kxd3 Kf8 44.
Kd4 Rc7 45. c5 Ke7 46. Kc4 Rb7 47. c6 Rb3 48. Rc3 Rb1 49. Kc5 Kd8 50. Kd6 Kc8 51. Ke7 Re1 52. Kxf7 Rxe4 53. Kxg6 Rxh4 54. Kh6 Rh1 55.
g6 h4 56. g7 Rg1 57. Kh7 Kc7 58. g8=Q Rxg8 59. Kxg8 h3 60. Rxh3 Kxc6 61. Rh4 1-0

[Event "Early-Titled-Tuesday-Blitz-May-07-2024"]
[Site "Chess.com"]
[Date "2024.05.07"]
[Round "9"]
[White "SkinnyPuppy8"]
[Black "MaxLeto"]
[Result "0-1"]
[WhiteElo "2235"]
[BlackElo "2427"]
[TimeControl "180+1"]
[EndTime "9:53:30 PDT"]
[Termination "MaxLeto won by checkmate"]

1. e4 c5 2. Nf3 d6 3. c3 Nf6 4. Be2 Nbd7 5. d3 b6 6. O-O Bb7 7. h3 g6 8. Bg5 Bg7 9. Qd2 h6 10. Bf4 e5 11. Be3 d5 12. exd5 Nxd5 13. Re1 Nxe3 14. fxe3 O-O 15. e4 f5 16. Qe3 Qf6 17.
Nbd2 Rad8 18. Rf1 f4 19. Qf2 g5 20. Nh2 Qg6 21. Qf3 Nf6 22. Ng4 Nh5 23. Nxh6+ Qxh6 24. Qxh5 Qxh5 25. Bxh5 Rxd3 26. Nf3 Bf6 27. Rae1 Rfd8 28. Bg4 Kf7 29. Rf2 c4 30. Rfe2 a5 31. Kf2 Ke7 32. Rc2 Kd6 33. Rd2 Kc5 34. Rxd3 Rxd3 35. Re2 b5 36.
Nd2 b4 37. cxb4+ axb4 38. Bf3 Ba6 39. b3 c3 40. Nf1 Be7 41. Rc2 Kb6 42. Be2 Bc5+ 43.
Ke1 Rd4 44. Bf3 Rd3 45. Be2 Rd4 46. Bf3 Bd3 47. Rc1 Bxe4 48. Be2 Bxg2 49. Nh2 Bxh3 50. Nf3 Re4 51. Nxg5 Re3 52. Kf2 Bf5 53. Nf3 Re4+ 54. Ke1 Bg4 55. Ng1 Bxg1 56. Rc2 Bxe2 57. Rxe2 Rxe2+ 58. Kxe2 e4 59. Kd1 Be3 60. a4 f3 61. a5+ Kxa5 62. Kc2 f2 63. Kb1 f1=Q+ 64. Ka2 Qe2+ 65. Kb1 Qb2# 0-1

[Event "Early-Titled-Tuesday-Blitz-May-07-2024"]
[Site "Chess.com"]
[Date "2024.05.07"]
[Round "9"]
[White "ansko1999"]
[Black "Kyrko_Gamba"]
[Result "1-0"]
[WhiteElo "2645"]
[BlackElo "2503"]
[TimeControl "180+1"]
[EndTime "9:53:31 PDT"]
[Termination "ansko1999 won by checkmate"]

1. Nc3 Nf6 2. e4 d6 3. f4 g6 4.
Nf3 Bg7 5. Bc4 O-O 6. d3 c6 7. O-O d5 8. Bb3 dxe4 9. dxe4 Nbd7 10. e5 Qb6+ 11. Qd4 Qxd4+ 12. Nxd4 Ne8 13. Be3 Nc5 14. Nxc6 Nxb3 15. Nxe7+ Kh8 16. axb3 Be6 17. Rxa7 Rxa7 18. Bxa7 Nc7 19. Bb6 Na6 20. Ned5 Rc8 21. Rd1 g5 22. fxg5 Bxe5 23. Bd4 Bxd4+ 24. Rxd4 Kg7 25. Nf4 Bf5 26. Nd3 b5 27. Rd5 Bxd3 28. cxd3 b4 29. Ne4 Rc1+ 30.
Kf2 Rc2+ 31. Kf3 Rxb2 32. Rd6 Nc7 33. Nc5 Nb5 34. Rb6 Nd4+ 35. Ke4 Nxb3 36. Nxb3 Rxb3 37. h4 Rb2 38. g4 b3 39. h5 Rb1 40. Kd4 Rg1 41.
h6+ Kf8 42. Ke5 Rxg4 43. Kf5 Rg1 44. Rxb3 Rf1+ 45. Ke5 Re1+ 46. Kf4 Rf1+ 47. Ke4 Re1+ 48. Kd4 Rg1 49. Rb5 Rg4+ 50. Ke3 f6 51. Rb8+ Kf7 52. Rb7+ Ke6 53. gxf6 Kxf6 54. Rxh7 Rh4 55. Rh8 Kg6 56.
d4 Kf5 57. Kd3 Kg6 58. Kc4 Rh5 59. d5 Rh4+ 60. Kc5 Rh5 61. Kc6 Rh1 62. d6 Rc1+ 63. Kb7 Rh1 64. d7 Rd1 65. d8=Q Rxd8 66. Rxd8 Kxh6 67. Kc6 Kg5 68. Kd5 Kh4 69. Ke5 Kg3 70.
Rf8 Kh2 71. Rg8 Kh3 72. Kf4 Kh2 73. Kf3 Kh3 74. Rh8# 1-0

[Event "Early-Titled-Tuesday-Blitz-May-07-2024"]
[Site "Chess.com"]
[Date "2024.05.07"]
[Round "9"]
[White "ClauSanLuis"]
[Black "CristianS27"]
[Result "1-0"]
[WhiteElo "2440"]
[BlackElo "2540"]
[TimeControl "180+1"]
[EndTime "9:53:35 PDT"]
[Termination "ClauSanLuis won on time"]

1. d4 Nf6 2. Bg5 Ne4 3. Bf4 c5 4. f3 Qa5+ 5. c3 Nf6 6. Nd2 cxd4 7. Nb3 Qb6 8. Qxd4 Nc6 9. Qxb6 axb6 10. e4 d5 11. Bc7 dxe4 12. Bxb6 e5 13. fxe4 Nxe4 14.
Nf3 Be6 15. Bd3 Nxc3 16. bxc3 Bxb3 17. O-O Rxa2 18. Rxa2 Bxa2 19. Ra1 Be6 20. Ra8+ Kd7 21. Kf1 g6 22. Ng5 Bg7 23. Rxh8 Bxh8 24. Nxe6 Kxe6 25. Ke2 f5 26. Bc4+ Kd6 27. Bg8 h6 28.
Bh7 Ne7 29. Ba5 Ke6 30. Bb4 Nd5 31. Bg8+ Kd7 32. Bxd5 e4 33. Bxb7 Kc7 34. Bd5 Be5 35. h3 Kd7 36. Bf7 g5 37. c4 f4 38. Bd5 e3 39. Bf8 h5 40. c5 g4 41. hxg4 hxg4 42.
c6+ Kc7 43. Bb4 Kb6 44. Be1 Kc5 45. Bc3 Bc7 46. Be4 Kb6 47. Bd4+ Kb5 48. Bd5 Kb4 49. Kd3 Kb5 50. Be4 Bd6 51. Bd5 Bc7 52. Ke2 Bd6 53. Bf6 Bc7 54. Bg5 Kc5 55. Be4 Kd4 56. Bf5 g3 57. Bg4 Kc5 58. Bf3 Kd4 59. Be7 Ke5 60. Bc5 Kf5 61. Kd3 Ke5 62. Kc4 Kf5 63. Kd5 1-0